Map: NeoHumanity LE

Players

RevenantRage - Winner!

  • Race: Protoss Protoss
  • League: Gold
  • Spawn Location: 11:00

Nachoz

  • Race: Terran Terran
  • League: Gold
  • Spawn Location: 5:00

VOD

Have the link to the VOD?

Description

BO3 Between RevenantRage and Nachoz

Time

  • Played on: July 12, 2023, 8:12 p.m.
  • Length: 7:47
Show
View Real Time Build Order
Export as new Build Order

RevenantRage Protoss - Winner!

Build Orders:  

Get SALT Encoding   

  12  0:14  Probe  
  13  0:26  Probe  
  14  0:29  Pylon  
  14  0:39  Probe  
  15  0:50  Gateway  
  15  0:55  Probe  
  16  0:58  Assimilator  
  16  1:07  Probe  
  17  1:32  Probe  
  18  1:40  Pylon  
  18  1:49  Gateway  
  18  1:51  Cybernetics Core  
  18  1:52  Probe  
  18  1:53  Gateway  
  19  1:56  Assimilator  
  19  2:04  Probe  
  20  2:16  Probe  
  21  2:28  Warp Gate (Chrono Boost)  
  21  2:32  Pylon  
  21  2:40  Stalker x3  
  21  2:43  Probe  
  28  3:10  Stalker x3  
  34  3:20  Pylon  
  34  3:27  Probe  
  35  3:55  Stalker x3  
  37  4:25  Stalker x3  
  39  4:58  Stalker x3  
  39  5:23  Probe  
  38  5:29  Robotics Facility  
  38  5:32  Nexus  
  38  5:33  Gateway  
  38  5:34  Gateway  
  32  5:36  Pylon  
  32  5:41  Probe  
  31  5:58  Probe  
  28  6:22  Observer (Chrono Boost)  
  29  6:29  Probe  
  30  6:33  Stalker x5  
  40  6:43  Probe  
  40  6:46  Probe  
  42  6:57  Stalker x4  
  50  7:06  Stalker  
  52  7:38  Stalker x2  
  52  7:39  Stalker x3  
Show
View Real Time Build Order
Export as new Build Order

Nachoz Terran 

Build Orders:  

Get SALT Encoding   

  12  0:01  SCV  
  13  0:17  Supply Depot  
  13  0:18  SCV  
  14  0:34  SCV  
  15  0:43  Barracks  
  15  0:46  SCV  
  16  0:59  SCV  
  16  1:02  Refinery  
  17  1:11  Supply Depot, SCV  
  18  1:23  SCV  
  19  1:35  SCV, Marine  
  21  1:48  SCV  
  22  1:56  Command Center  
  22  1:59  Barracks Reactor  
  22  2:01  Barracks Tech Lab  
  22  2:06  Marine  
  22  2:08  Orbital Command  
  23  2:32  Refinery  
  23  2:34  Supply Depot  
  23  2:37  Factory, Barracks Tech Lab  
  23  2:47  SCV  
  24  2:53  Bunker  
  24  2:59  Supply Depot  
  24  3:07  SCV x2  
  26  3:19  SCV  
  27  3:20  Orbital Command  
  27  3:26  Supply Depot  
  27  3:34  Armory  
  27  3:41  Marine  
  27  3:43  Widow Mine  
  30  3:52  SCV  
  31  3:59  Marine  
  32  4:03  Starport  
  32  4:05  Widow Mine  
  32  4:08  Supply Depot  
  33  4:18  SCV x2  
  34  4:26  Widow Mine  
  32  4:54  Medivac  
  18  5:26  Orbital Command  
  18  5:46  SCV  
  19  5:58  SCV  
  14  6:10  SCV  
  14  6:20  SCV  
  14  6:23  SCV  
  16  6:32  SCV  
  17  6:35  SCV  
  18  6:47  Factory  
  18  6:57  Supply Depot x2  
  18  7:00  Starport Tech Lab  
  18  7:06  Fusion Core  
  18  7:18  SCV  
  19  7:26  Marine  
  23  7:30  SCV  
Tags
 
Add a new tag
Caveats
  • Supply blocks, unpowered buildings, or Contaminate may cause inaccurate times.
  • Supply counts are checked every 10 seconds.